Workbook
Name \0: #REF!
Name \00: #REF!
Name \a: #REF!
Name \AA: [1]LIQUIDACION!#REF!
Name \b: [2]STRSUMM0!#REF!
Name \bb: [2]STRSUMM0!#REF!
Name \E: #REF!
Name \EE: #REF!
Name \G: #REF!
Name \k: '[3]7422CW00'!#REF!
Name \l: [4]STRSUMM0!#REF!
Name \M: #REF!
Name \ñ: '[5]7422CW00'!#REF!
Name \P: #REF!
Name \R: #REF!
Name \s: #REF!
Name \V: #REF!
Name \X: [0]!ERR
Name \Z: [0]!ERR
Name _________AFC1: [6]INV!$A$25:$D$28
Name _________AFC3: [6]INV!$F$25:$I$28
Name _________AFC5: [6]INV!$K$25:$N$28
Name _________BGC1: [6]INV!$A$5:$D$8
Name _________BGC3: [6]INV!$F$5:$I$8
Name _________BGC5: [6]INV!$K$5:$N$8
Name _________CAC1: [6]INV!$A$19:$D$22
Name _________CAC3: [6]INV!$F$19:$I$22
Name _________CAC5: [6]INV!$K$19:$N$22
Name _________PJ50: #REF!
Name _________SBC1: [6]INV!$A$12:$D$15
Name _________SBC3: [6]INV!$F$12:$I$15
Name _________SBC5: [6]INV!$K$12:$N$15
Name ________AFC1: [6]INV!$A$25:$D$28
Name ________AFC3: [6]INV!$F$25:$I$28
Name ________AFC5: [6]INV!$K$25:$N$28
Name ________BGC1: [6]INV!$A$5:$D$8
Name ________BGC3: [6]INV!$F$5:$I$8
Name ________BGC5: [6]INV!$K$5:$N$8
Name ________CAC1: [6]INV!$A$19:$D$22
Name ________CAC3: [6]INV!$F$19:$I$22
Name ________CAC5: [6]INV!$K$19:$N$22
Name ________MA2: #REF!
Name ________PJ50: #REF!
Name ________SBC1: [6]INV!$A$12:$D$15
Name ________SBC3: [6]INV!$F$12:$I$15
Name ________SBC5: [6]INV!$K$12:$N$15
Name _______AFC1: [6]INV!$A$25:$D$28
Name _______AFC3: [6]INV!$F$25:$I$28
Name _______AFC5: [6]INV!$K$25:$N$28
Name _______BGC1: [6]INV!$A$5:$D$8
Name _______BGC3: [6]INV!$F$5:$I$8
Name _______BGC5: [6]INV!$K$5:$N$8
Name _______CAC1: [6]INV!$A$19:$D$22
Name _______CAC3: [6]INV!$F$19:$I$22
Name _______CAC5: [6]INV!$K$19:$N$22
Name _______MA2: #REF!
Name _______PJ50: #REF!
Name _______SBC1: [6]INV!$A$12:$D$15
Name _______SBC3: [6]INV!$F$12:$I$15
Name _______SBC5: [6]INV!$K$12:$N$15

Sheet PRESUPUESTO
A1: REPUBLICA DE COLOMBIA
A2: DEPARTAMENTO VALLE DEL CAUCA
A3: MUNICIPIO DE ZARZAL
A4: REPOSICIÓN DE ALCANTARILLADO DE AGUAS RESIDUALES DE LA CALLE 10A ENTRE CARRERAS 14C Y 15A BARRIO EL GUAMAL DEL MUNICIPIO DE ZARZAL - VALLE
A5: PRESUPUESTO DE OBRA
A6: ITEM (CODIGO) | B6: DESCRIPCION Y ESPECIFICACION | C6: UND | D6: CANT | E6: VALOR UNITARIO | F6: COSTO TOTAL
A9: 1 | B9: PRELIMINARES | G9: 2
A10: 10106 | B10: LOCALIZACION-REPLANTEO ACUEDUCTO-ALCANTA | C10: M | D10: =+MEMORIAS!L18 -> 88.2 | E10: 2707 | F10: =ROUND(D10*E10,$G$9) -> 238757.4
A11: 100124 | B11: CERRAMIENTO TELA FIB.TEJIDA H=2.10M-SINB | C11: M | D11: =+MEMORIAS!L19 -> 193.4 | E11: 18271 | F11: =ROUND(D11*E11,$G$9) -> 3533611.4
A12: APU - 1 | B12: COMISION TOPOGRAFICA (VERIFICACION EXCAVACIONES, NIVELES, LEVANTAMIENTO PARA PLANO RECORD (AS BUILT)) | C12: DIA | D12: 2 | E12: 1537765.4 | F12: =ROUND(D12*E12,$G$9) -> 3075530.8
A13: 330127 | B13: CORTADORA DE PAVIMENTO DE 4 A 7 CM | C13: M | D13: =+MEMORIAS!L20 -> 369.2 | E13: 7731 | F13: =ROUND(D13*E13,$G$9) -> 2854285.2
A14: 082011 | B14: DEMOL. DE PAVIMENTOS RÍGIDOS HASTA 20CM DE ESPESOR | C14: M2 | D14: =+MEMORIAS!L23 -> 117.98 | E14: 28827 | F14: =ROUND(D14*E14,$G$9) -> 3401009.5
A15: 082013 | B15: DEMOLICIÓN DE PISOS Y ANDENES DE CONCRETO | C15: M2 | D15: =+MEMORIAS!L26 -> 90.44 | E15: 21448 | F15: =ROUND(D15*E15,$G$9) -> 1939757.1
A16: 010103 | B16: DEMOL.CAMARA DE CONCRETO | C16: UND | D16: =+MEMORIAS!L28 -> 2 | E16: 337789 | F16: =ROUND(D16*E16,$G$9) -> 675578
A17: 010205 | B17: EXCAVACIÓN MÁQUINA ALCANTARILLADO Y ACUEDUCTO | C17: M3 | D17: =+MEMORIAS!L29 -> 119.07 | E17: 7349 | F17: =ROUND(D17*E17,$G$9) -> 875045.43
A18: 100601 | B18: EXCAVACIÓN TIERRA A MANO | C18: M3 | D18: =+MEMORIAS!L30 -> 68.952 | E18: 35900 | F18: =ROUND(D18*E18,$G$9) -> 2475376.8
A19: 100410 | B19: DEMOL.CAJA INSPECCION | C19: UND | D19: =+MEMORIAS!L31 -> 17 | E19: 27209 | F19: =ROUND(D19*E19,$G$9) -> 462553
A20: 010110 | B20: RETIRO TUBERÍA EXISTENTE 0" A 12" | C20: M | D20: =+MEMORIAS!L32 -> 166.4 | E20: 13067 | F20: =ROUND(D20*E20,$G$9) -> 2174348.8
A21: 100608 | B21: CARGUE Y RETIRO DE SOBRANTES MÁQUINA <=10 KM | C21: M3 | D21: =+MEMORIAS!L34 -> 258.6608 | E21: 30507 | F21: =ROUND(D21*E21,$G$9) -> 7890965
A22: 010108 | B22: MANEJO DE AGUAS RESIDUALES | C22: M | D22: =+MEMORIAS!L41 -> 78 | E22: 18295 | F22: =ROUND(D22*E22,$G$9) -> 1427010
B24: =IF(B9="ESCRIBA AQUÍ EL NOMBRE DEL CAPITULO","SUBTOTAL","SUBTOTAL CAP. "&A9&" "&B9&":") -> SUBTOTAL CAP. 1 PRELIMINARES: | F24: =SUM(F10:F23) -> 31023828
A25: =+A9+1 -> 2 | B25: OBRAS DE DOMICILIARIAS
A26: 020705 | B26: TUB PVC NOVAFORT 6" | C26: M | D26: =+MEMORIAS!L44 -> 88.4 | E26: 78807 | F26: =ROUND(D26*E26,$G$9) -> 6966538.8
A27: 110631 | B27: CODO 45X160MM NOVAFORT | C27: UND | D27: =+MEMORIAS!L45 -> 17 | E27: 81436 | F27: =ROUND(D27*E27,$G$9) -> 1384412
A28: 110652 | B28: SILLA YEE NOVAFORT DIAMETRO DE 6" A 10" | C28: UND | D28: =+MEMORIAS!L46 -> 17 | E28: 193228 | F28: =ROUND(D28*E28,$G$9) -> 3284876
A29: 110107 | B29: CAJA INSPECCION 80x 80 CM [CONCRETO] | C29: UND | D29: =+MEMORIAS!L47 -> 17 | E29: 605827 | F29: =ROUND(D29*E29,$G$9) -> 10299059
F30: =ROUND(D30*E30,$G$9) -> 0
B31: =IF(B25="ESCRIBA AQUÍ EL NOMBRE DEL CAPITULO","SUBTOTAL","SUBTOTAL CAP. "&A25&" "&B25&":") -> SUBTOTAL CAP. 2 OBRAS DE DOMICILIARIAS : | F31: =SUM(F26:F30) -> 21934886
A32: =+A25+1 -> 3 | B32: OBRAS DE ALCANTARILLADO
A33: 110901 | B33: COLCHON ARENA-GRAVA TUBER.INCLUYE ACARRE | C33: M3 | D33: =+MEMORIAS!L42 -> 11.907 | E33: 98458 | F33: =ROUND(D33*E33,$G$9) -> 1172339.4
A34: 020707 | B34: TUB PVC NOVAFORT 10" | C34: M | D34: =+MEMORIAS!L43 -> 88.2 | E34: 137786 | F34: =ROUND(D34*E34,$G$9) -> 12152725
A35: 020403 | B35: CAMARA INSPECCION TIPO B H=0.00-1.50 MTS | C35: UND | D35: =+MEMORIAS!L48 -> 1 | E35: 2071694 | F35: =ROUND(D35*E35,$G$9) -> 2071694
A36: 020404 | B36: CAMARA INSPECCION TIPO B H=1.50-2.00 MTS | C36: UND | D36: =+MEMORIAS!L49 -> 1 | E36: 2276274 | F36: =ROUND(D36*E36,$G$9) -> 2276274
A37: 100618 | B37: RELLENO MATERIAL SITIO COMPACTADO-RANA | C37: M3 | D37: =+MEMORIAS!L50 -> 20.6388 | E37: 40768 | F37: =ROUND(D37*E37,$G$9) -> 841402.6
A38: 100620 | B38: RELLENO ROCAMUERTA COMPACT-SALTARIN | C38: M3 | D38: =+MEMORIAS!L51 -> 136.22244 | E38: 88524 | F38: =ROUND(D38*E38,$G$9) -> 12058955
A39: 083301 | B39: SUB-BASE GRANULAR CLASE B (Analizada para tipo de gradacion SGB-50, clase B) | C39: M3 | D39: =+MEMORIAS!L62 -> 43.0365 | E39: 120884 | F39: =ROUND(D39*E39,$G$9) -> 5202424.3
A40: 120101 | B40: ACERO REFUERZO FLEJADO 60000 PSI 420Mpa | C40: KLS | D40: =+MEMORIAS!L53 -> 36.8874 | E40: 6098 | F40: =ROUND(D40*E40,$G$9) -> 224939.37
A41: 330114 | B41: MOTOBOMBA DE 2" (ALQUILER) | C41: DIA | D41: 4 | E41: 302344 | F41: =ROUND(D41*E41,$G$9) -> 1209376
A42: 330132 | B42: PLANTA ELECTRICA 7000 RPM (ALQUILER) | C42: Dia | D42: 4 | E42: 99509 | F42: =ROUND(D42*E42,$G$9) -> 398036
F43: =ROUND(D43*E43,$G$9) -> 0
B44: =IF(B32="ESCRIBA AQUÍ EL NOMBRE DEL CAPITULO","SUBTOTAL","SUBTOTAL CAP. "&A32&" "&B32&":") -> SUBTOTAL CAP. 3 OBRAS DE ALCANTARILLADO : | F44: =SUM(F33:F43) -> 37608166
A45: =1+A32 -> 4 | B45: REPOSICION PAVIMENTO RIGIDO VIAL
A46: 085002 | B46: PAVIMENTO DE CONCRETO HIDRÁULICO PREMEZCLADO, NO INCLUYE ACERO NI BARRAS DE TRANSFERENCIA (ANALIZADO PARA UN TRÁNSITO NT2) | C46: M3 | D46: =+MEMORIAS!L54 -> 23.076 | E46: 991231 | F46: =ROUND(D46*E46,$G$9) -> 22873647
A47: 320401 | B47: SUMINISTRO DE ANTISOL BLANCO | C47: Kg | D47: =+MEMORIAS!L58 -> 26.8191 | E47: 14411 | F47: =ROUND(D47*E47,$G$9) -> 386490.05
B49: =IF(B45="ESCRIBA AQUÍ EL NOMBRE DEL CAPITULO","SUBTOTAL","SUBTOTAL CAP. "&A45&" "&B45&":") -> SUBTOTAL CAP. 4 REPOSICION PAVIMENTO RIGIDO VIAL: | F49: =SUM(F46:F48) -> 23260137
A51: =+A45+1 -> 5 | B51: ANDEN
A52: 200132 | B52: ANDEN CONCRETO 10CM 3000 PSI | C52: M2 | D52: =+MEMORIAS!L59 -> 53.04 | E52: 93973 | F52: =+E52*D52 -> 4984327.9
A53: 200219 | B53: CERAMICA 20.01-22.50 X 20.01-22.50 TRAF | C53: M2 | D53: =+MEMORIAS!L60 -> 16.632 | E53: 110870 | F53: =+E53*D53 -> 1843989.8
B55: =IF(B51="ESCRIBA AQUÍ EL NOMBRE DEL CAPITULO","SUBTOTAL","SUBTOTAL CAP. "&A51&" "&B51&":") -> SUBTOTAL CAP. 5 ANDEN : | F55: =SUM(F52:F54) -> 6828317.8
A56: =+A51+1 -> 6 | B56: LIMPIEZA
A57: 310104 | B57: LIMPIEZA LAVADO SUPERFICIE - EQ. PRESION | C57: M2 | D57: =+MEMORIAS!L61 -> 530.7 | E57: 5186 | F57: =+E57*D57 -> 2752210.2
B60: =IF(B56="ESCRIBA AQUÍ EL NOMBRE DEL CAPITULO","SUBTOTAL","SUBTOTAL CAP. "&A56&" "&B56&":") -> SUBTOTAL CAP. 6 LIMPIEZA : | F60: =SUM(F57:F59) -> 2752210.2
A61: SUB TOTAL COSTO DIRECTO DE OBRA: | F61: =ROUND(F24+F31+F44+F49+F55+F60,$G$9) -> 1.2340754e+08
A62: TOTAL COSTO DIRECTO DE OBRA | F62: =ROUND(SUM(F61:F61),G9) -> 1.2340754e+08
C64: Administración | E64: 0.29 | F64: =ROUND($F$61*E64,$G$9) -> 35788188
C65: Utilidad | E65: 0.06 | F65: =ROUND($F$61*E65,$G$9) -> 7404452.7
C66: Imprevistos | E66: 0 | F66: =ROUND($F$61*E66,$G$9) -> 0
C67: SUB TOTAL COSTO INDIRECTO OBRA | F67: =ROUND(SUM(F64:F66),$G$8) -> 43192641
C69: VALOR TOTAL OBRA | F69: =+F67+F62 -> 1.6660019e+08

Sheet APU´s
B2: ANALISIS DE PRECIOS UNITARIOS
B3: PRESUPUESTO
B4: CONTRATANTE
B5: EMPRESA
B7: Código | C7: 990154
B8: Descripción | C8: COMISION TOPOGRAFIA
B9: Unidad | C9: DIA
B11: Materiales
B12: CÓDIGO | C12: DESCRIPCIÓN | D12: UNIDAD | E12: CANTIDAD | F12: % DESPERD. | G12: PRECIO UNIT. | I12: VALOR TOTAL
G13: Total Materiales | I13: 0
B15: Mano de Obra
B16: CÓDIGO | C16: DESCRIPCIÓN | D16: UNIDAD | E16: JORNAL | F16: PRESTAC. | G16: JORNAL TOT. | H16: REND. / CANT. | I16: VALOR TOTAL
B17: 200027 | C17: M.O. TOPOGRAFIA 1 CADENERO + 1 TOPOG. | D17: JORNAL | E17: =VLOOKUP(B17,[108]Insumos!B:E,4,FALSE) -> 410407.09 | F17: 1.8 | G17: =E17*F17 -> 738732.76 | H17: 1 | I17: =IF(D17<>"JORNAL",H17*E17,G17/H17) -> 738732.76
G18: Total Mano de Obra | I18: =SUM(I17:I17) -> 738732.76
B20: Equipo
B21: CÓDIGO | C21: DESCRIPCIÓN | D21: UNIDAD | E21: CANTIDAD | G21: TARIFA | I21: VALOR TOTAL
B22: 340012 | C22: CAMIONETA DE ESTACAS 4X4 | D22: H | E22: 8 | G22: =VLOOKUP(B22,[108]Insumos!B:E,4,FALSE) -> 66116 | I22: =E22*G22 -> 528928
B23: 300026 | C23: HERRAMIENTA MENOR | D23: % | E23: 5 | G23: =SUM(I18) -> 738732.76 | I23: =E23/100*G23 -> 36936.638
B24: MQ990118 | C24: ESTACION TOTAL CON PRECISION ANGULAR DE 6". PRECISION LINEAL 2 MM ± 2 PM | D24: H | E24: 8 | G24: =VLOOKUP(B24,[108]Insumos!B:E,4,FALSE) -> 20179 | I24: =E24*G24 -> 161432
B25: MQ990119 | C25: ACCESORIOS EQUIPOS DE TOPOGRAFIA (MIRA - PRISMA - TRIPODE - SOMBRILLA | D25: H | E25: 8 | G25: =VLOOKUP(B25,[108]Insumos!B:E,4,FALSE) -> 8967 | I25: =E25*G25 -> 71736
G26: Total Equipo | I26: =SUM(I22:I25) -> 799032.64
B28: Transporte
B29: CÓDIGO | C29: DESCRIPCIÓN | D29: UNIDAD | E29: CANTIDAD | F29: DISTANCIA | G29: (1)*(2) | H29: TARIFA | I29: VALOR TOTAL
G30: Total Transporte | I30: 0
G32: COSTO DIRECTO | I32: =I13+I18+I26+I30 -> 1537765.4
B35: ANALISIS DE PRECIOS UNITARIOS
B36: PRESUPUESTO
B37: CONTRATANTE
B38: EMPRESA
B40: Código | C40: 020406
B41: Descripción | C41: RECONSTRUCCION LOSA SUPERIOR-TAPA CAMARA
B42: Unidad | C42: UND
B44: Materiales
B45: CÓDIGO | C45: DESCRIPCIÓN | D45: UNIDAD | E45: CANTIDAD | F45: % DESPERD. | G45: PRECIO UNIT. | I45: VALOR TOTAL
B46: ME0105 | C46: =VLOOKUP(B46,[28]Insumos!B:E,2,FALSE) -> MEZCLA CONCRETO 1:2:3 3100 PSI - 22,0 Mpa | D46: =VLOOKUP(B46,[28]Insumos!B:E,3,FALSE) -> M3 | E46: 0.44999999 | F46: 0 | G46: =VLOOKUP(B46,[28]Insumos!B:E,4,FALSE) -> 645000 | I46: =E46*(1+F46/100)*G46 -> 290249.99
B47: 100806 | C47: =VLOOKUP(B47,[28]Insumos!B:E,2,FALSE) -> CUARTON 2" X 4" X 300 AMARILLO | D47: =VLOOKUP(B47,[28]Insumos!B:E,3,FALSE) -> UND | E47: 1 | F47: 0 | G47: =VLOOKUP(B47,[28]Insumos!B:E,4,FALSE) -> 30765 | I47: =E47*(1+F47/100)*G47 -> 30765
B48: 101012 | C48: =VLOOKUP(B48,[28]Insumos!B:E,2,FALSE) -> HIERRO CHIPA 1/4" | D48: =VLOOKUP(B48,[28]Insumos!B:E,3,FALSE) -> KG | E48: 4 | F48: 3 | G48: =VLOOKUP(B48,[28]Insumos!B:E,4,FALSE) -> 5900 | I48: =E48*(1+F48/100)*G48 -> 24308
B49: 101015 | C49: =VLOOKUP(B49,[28]Insumos!B:E,2,FALSE) -> ACERO DE REFUERZO 3/8" 60.000 | D49: =VLOOKUP(B49,[28]Insumos!B:E,3,FALSE) -> KG | E49: 54 | F49: 0 | G49: =VLOOKUP(B49,[28]Insumos!B:E,4,FALSE) -> 5800 | I49: =E49*(1+F49/100)*G49 -> 313200
B50: 101717 | C50: =VLOOKUP(B50,[28]Insumos!B:E,2,FALSE) -> TABLA OTOBO 1X10X300 CM | D50: =VLOOKUP(B50,[28]Insumos!B:E,3,FALSE) -> UND | E50: 2 | F50: 0 | G50: =VLOOKUP(B50,[28]Insumos!B:E,4,FALSE) -> 21240 | I50: =E50*(1+F50/100)*G50 -> 42480
G51: Total Materiales | I51: =SUM(I46:I50) -> 701002.99
B53: Mano de Obra
B54: CÓDIGO | C54: DESCRIPCIÓN | D54: UNIDAD | E54: JORNAL | F54: PRESTAC. | G54: JORNAL TOT. | H54: REND. / CANT. | I54: VALOR TOTAL
B55: 200006 | C55: =VLOOKUP(B55,[28]Insumos!B:E,2,FALSE) -> M.O. 1 AYUDANTE | D55: =VLOOKUP(B55,[28]Insumos!B:E,3,FALSE) -> JORNAL | E55: =VLOOKUP(B55,[28]Insumos!B:E,4,FALSE) -> 78987.78 | F55: 1.8 | G55: =E55*F55 -> 142178 | H55: 5.3299999 | I55: =IF(D55<>"JORNAL",H55*E55,G55/H55) -> 26675.048
B56: 200009 | C56: =VLOOKUP(B56,[28]Insumos!B:E,2,FALSE) -> M.O. 2 AYUDANTES + 1 OFICIAL | D56: =VLOOKUP(B56,[28]Insumos!B:E,3,FALSE) -> JORNAL | E56: =VLOOKUP(B56,[28]Insumos!B:E,4,FALSE) -> 292255.56 | F56: 1.8 | G56: =E56*F56 -> 526060.01 | H56: 5.3299999 | I56: =IF(D56<>"JORNAL",H56*E56,G56/H56) -> 98697.939
G57: Total Mano de Obra | I57: =SUM(I55:I56) -> 125372.99
B59: Equipo
B60: CÓDIGO | C60: DESCRIPCIÓN | D60: UNIDAD | E60: CANTIDAD | G60: TARIFA | I60: VALOR TOTAL
B61: 300026 | C61: HERRAMIENTA MENOR | D61: % | E61: 1 | G61: =SUM(I57) -> 125372.99 | I61: =E61/100*G61 -> 1253.7299
G62: Total Equipo | I62: =SUM(I61:I61) -> 1253.7299
B64: Transporte
B65: CÓDIGO | C65: DESCRIPCIÓN | D65: UNIDAD | E65: CANTIDAD | F65: DISTANCIA | G65: (1)*(2) | H65: TARIFA | I65: VALOR TOTAL
G66: Total Transporte | I66: 0
G68: COSTO DIRECTO | I68: =I51+I57+I62+I66 -> 827629.71
B73: MOTOBOMBA DE 2" (ALQUILER)
B74: Código:
B76: 330114
B77: Unidad:
B79: DÃA
B80: EQUIPOS
B81: CÓDIGO | C81: DESCRIPCIÓN | D81: UNIDAD | E81: CANTIDAD. | F81: TARIFA | G81: VALOR TOTAL
B82: 300032 | C82: MOTOBOMBA DE 2" | D82: H | E82: 8,00 | F82: 37.793,00 | G82: 302.344,00
B83: SUBTOTAL | G83: 302.344,00
B84: COSTO DIRECTO
B85: $ 302.344,00
B89: PLANTA ELECTRICA 7000 RPM (ALQUILER)
B90: Código:
B92: 330132
B93: Unidad:
B95: DÃA
B96: EQUIPOS
B97: CÓDIGO | C97: DESCRIPCIÓN | D97: UNIDAD | E97: CANTIDAD. | F97: TARIFA | G97: VALOR TOTAL
B98: 300037 | C98: PLANTA ELECTRICA 7OOO RPM | D98: DIA | E98: 1,00 | F98: 99.509,00 | G98: 99.509,00
B99: SUBTOTAL | G99: 99.509,00
B100: COSTO DIRECTO
B101: $ 99.509,00
B104: RELLENO MATERIAL SITIO COMPACTADO-RANA
B105: Código:
B107: 100618
B108: Unidad:
B110: M3
B111: MATERIALES
B112: CÓDIGO | C112: DESCRIPCIÓN | D112: UNIDAD | E112: CANTIDAD | F112: DESPER. % | G112: PRECIO UNIT. | H112: VALOR TOTAL
B113: 100011 | C113: ACEITE MOTOR 4 TIEMPOS | D113: GLN | E113: 0,015 | F113: 0,00 | G113: 123.272,00 | H113: 1.849,08
B114: 100053 | C114: AGUA | D114: LT | E114: 7,00 | F114: 0,00 | G114: 78,00 | H114: 546,00
B115: 100932 | C115: GASOLINA CORRIENTE | D115: GLN | E115: 0,05 | F115: 0,00 | G115: 17.613,00 | H115: 880,65
B116: SUBTOTAL | H116: 3.275,73
B117: MANO DE OBRA
B118: CÓDIGO | C118: DESCRIPCIÓN | D118: JORNAL | E118: UNIDAD | F118: PRESTAC. | G118: JORNAL TOTAL | H118: REND/CANT | I118: VALOR TOTAL
B119: 200008 | C119: M.O. 2 AYUDANTES | D119: 284.356,00 | E119: JORNAL | F119: 1,80 | G119: 284.356,00 | H119: 8,88 | I119: 32.022,07
B120: SUBTOTAL | I120: 32.022,07
B121: EQUIPOS
B122: CÓDIGO | C122: DESCRIPCIÓN | D122: UNIDAD | E122: CANTIDAD. | F122: TARIFA | G122: VALOR TOTAL
B123: 300026 | C123: HERRAMIENTA MENOR | D123: GLB | E123: 1,00 | F123: 32.022,07 | G123: 320,22
B124: 300057 | C124: COMPACTADOR MANUAL VIBRATORIO (RANA) CON MOTOR DE 6 HP | D124: H | E124: 0,80 | F124: 6.437,00 | G124: 5.149,60
B125: SUBTOTAL | G125: 5.469,82
B126: COSTO DIRECTO
B127: $ 40.768,00

Sheet MEMORIAS
B2: SECRETARIA DE INFRAESTRUCTURA
B3: Y MANTENIMIENTO VIAL
B6: MEMORIAS DE CALCULO
A8: MUNICIPIO DE ZARZAL
A9: DEPARTAMENTO DEL VALLE DEL CAUCA
A10: 891900624-0
A12: OBJETO: | B12: REPOSICIÓN DE ALCANTARILLADO DE AGUAS RESIDUALES DE LA CALLE 10A ENTRE CARRERAS 14C Y 15A BARRIO EL VERGEL DEL MUNICIPIO DE ZARZAL - VALLE
A14: FECHA: JUNIO 2026
A16: PRELIMINARES
A17: CÓDIGO | B17: DESCRIPCION | C17: UN. | D17: LONGITUD | E17: ANCHO | F17: ALTURA | G17: PROFUND | H17: CANTIDAD | I17: MULTIP | J17: DIVIDIDO | K17: SUBTOTAL | L17: TOTAL
A18: 010106 | B18: LOCALIZACIÓN- REPLANTEO ACUEDUCTO-ALCANTARILLADO | C18: M | D18: =30+30+18+10.2 -> 88.2 | K18: =D18 -> 88.2 | L18: =K18 -> 88.2
A19: 100124 | B19: CERRAMIENTO TELA FIB. TEJIDA H=2.10M-SINB | C19: M | D19: 90 | E19: 6.7 | K19: =(D19*2)+(E19*2) -> 193.4 | L19: =K19 -> 193.4
A20: 330127 | B20: CORTADORA DE PAVIMENTO DE 4 A 7 CM | C20: M | D20: =+D18 -> 88.2 | H20: 2 | K20: =D20*H20 -> 176.4 | L20: =K20+K21+K22 -> 369.2
D21: 8 | H21: 2 | K21: =D21*H21 -> 16
D22: 10.4 | H22: 17 | K22: =D22*H22 -> 176.8
A23: 082011 | B23: DEMOL. DE PAVIMENTOS RÍGIDOS HASTA 20CM DE ESPESOR | C23: M2 | D23: =+D20 -> 88.2 | E23: 0.9 | K23: =D23*E23 -> 79.38 | L23: =K23+K24+K25 -> 117.98
D24: 2 | E24: 2 | H24: 2 | K24: =D24*E24*H24 -> 8
D25: 3 | E25: 0.6 | H25: 17 | K25: =D25*E25*H25 -> 30.6
A26: 082013 | B26: DEMOLICIÓN DE PISOS Y ANDENES DE CONCRETO | C26: M2 | D26: 2.2 | E26: 0.6 | H26: 17 | K26: =D26*E26*H26 -> 22.44 | L26: =K26+K27 -> 90.44
D27: 4 | H27: 17 | K27: =D27*H27 -> 68
A28: 010103 | B28: DEMOLICIÓN CAMARA DE CONCRETO | C28: UND | H28: 2 | K28: =H28 -> 2 | L28: =K28 -> 2
A29: 010205 | B29: EXCAVACIÓN A MÁQUINA ALCANTARILLADO Y ACUEDUCTO | C29: M3 | D29: =+D18 -> 88.2 | E29: 0.9 | G29: 1.5 | K29: =D29*E29*G29 -> 119.07 | L29: =K29 -> 119.07
A30: 100601 | B30: EXCAVACIÓN TIERRA A MANO | C30: M3 | D30: 5.2 | E30: 0.6 | G30: 1.3 | H30: 17 | K30: =D30*E30*G30*H30 -> 68.952 | L30: =K30 -> 68.952
A31: 100410 | B31: DEMOLICIÓN CAJA INSPECCION | C31: UND | H31: 17 | K31: =H31 -> 17 | L31: =K31 -> 17
A32: 010110 | B32: RETIRO TUBERÍA EXISTENTE 0" A 12" | C32: M | D32: =30+30+18 -> 78 | K32: =D32 -> 78 | L32: =K32+K33 -> 166.4
D33: 5.2 | H33: 17 | K33: =D33*H33 -> 88.4
A34: 100608 | B34: CARGUE Y RETIRO DE SOBRANTES MÁQUINA <=10 KM | C34: M3 | H34: =L23*1.4 -> 165.172 | I34: 0.2 | K34: =H34*I34 -> 33.0344 | L34: =K34+K35+K36 -> 258.6608 | M34: se le agrego expansión 40% escombros - 20% material subbas/tierra
H35: =L29*1.2 -> 142.884 | K35: =H35 -> 142.884
H36: =L30*1.2 -> 82.7424 | K36: =H36 -> 82.7424
A39: EJECUTORIAS
A40: CÓDIGO | B40: DESCRIPCION | C40: UN. | D40: LONGITUD | E40: ANCHO | F40: ALTURA | G40: PROFUND | H40: CANTIDAD | I40: MULTIP | J40: DIVIDIDO | K40: SUBTOTAL | L40: TOTAL
A41: 010108 | B41: MANEJO DE AGUAS RESIDUALES | C41: M | D41: =+D32 -> 78 | K41: =D41 -> 78 | L41: =K41 -> 78
A42: 110901 | B42: COLCHON ARENA-GRAVA TUBER.INCLUYE ACARRE | C42: M3 | D42: =+D18 -> 88.2 | E42: 0.9 | F42: 0.15 | K42: =D42*E42*F42 -> 11.907 | L42: =K42 -> 11.907
A43: 020707 | B43: TUB PVC NOVAFORT 10" | C43: M | D43: =+D18 -> 88.2 | K43: =D43 -> 88.2 | L43: =K43 -> 88.2
A44: 020705 | B44: TUB PVC NOVAFORT 6" | C44: M | D44: 5.2 | H44: 17 | K44: =D44*H44 -> 88.4 | L44: =K44 -> 88.4
A45: 110631 | B45: CODO 45° X 160MM. NOVAFORT | C45: UND | H45: 17 | K45: =H45 -> 17 | L45: =K45 -> 17
A46: 110652 | B46: SILLA YEE NOVAFORT DIAMETRO DE 6" A 10" | C46: UND | H46: 17 | K46: =H46 -> 17 | L46: =K46 -> 17
A47: 110107 | B47: CAJA INSPECCION 80x 80 CM [CONCRETO] | C47: UND | H47: 17 | K47: =H47 -> 17 | L47: =K47 -> 17
A48: 020403 | B48: CAMARA INSPECCION TIPO B H=0.00-1.50 MTS | C48: UND | H48: 1 | K48: =H48 -> 1 | L48: =K48 -> 1
A49: 020404 | B49: CAMARA INSPECCION TIPO B H=1.50-2.00 MTS | C49: UND | H49: 1 | K49: =H49 -> 1 | L49: =K49 -> 1
A50: 100618 | B50: RELLENO MATERIAL SITIO COMPACTADO-RANA | C50: M3 | D50: =+D18 -> 88.2 | E50: 0.9 | F50: 0.2 | I50: 1.3 | K50: =+D50*E50*F50*I50 -> 20.6388 | L50: =K50 -> 20.6388
A51: 100620 | B51: RELLENO ROCAMUERTA COMPACT-SALTARIN | C51: M3 | D51: =L29 -> 119.07 | H51: 4.15 | K51: =D51-H51-K50 -> 94.2812 | L51: =(+K51+K52-L62)*1.15 -> 136.22244
D52: 5.2 | E52: 0.6 | F52: 1.3 | G52: 0.10249446 | H52: 17 | K52: =((D52*E52*F52)-G52)*H52 -> 67.209594
A53: 120101 | B53: ACERO REFUERZO FLEJADO 60000 PSI 420Mpa | C53: KLS | D53: 0.46 | H53: 81 | I53: 0.99 | K53: =D53*H53*I53 -> 36.8874 | L53: =K53 -> 36.8874
A54: 010303 | B54: PAV.CONCR.MR=38 MEZCLA IN SITU E=0.15,INC. JUNTA -BAKE | C54: M3 | D54: =+D18 -> 88.2 | E54: 0.9 | F54: 0.2 | K54: =D54*E54*F54 -> 15.876 | L54: =K54+K56+K55 -> 23.076
D55: 6 | E55: 0.9 | F55: 0.2 | K55: =+D55*E55*F55 -> 1.08
D56: 3 | E56: 0.6 | F56: 0.2 | I56: 17 | K56: =D56*E56*F56*I56 -> 6.12
A57: 320308 | B57: ADITIVO ACELERANTE DE FRAGUADO | C57: KLS | D57: =+L54 -> 23.076 | H57: 420 | I57: 0.015 | K57: =D57*H57*I57 -> 145.3788 | L57: =K57 -> 145.3788
A58: 320401 | B58: SUMINISTRO DE ANTISOL BLANCO | C58: Kg | D58: =84.45+(3*17) -> 135.45 | E58: 0.9 | I58: 0.2 | K58: =+D58*E58*I58*1.1 -> 26.8191 | L58: =+K58 -> 26.8191
A59: 200132 | B59: ANDEN CONCRETO 10CM 3000 PSI | C59: M2 | D59: 5.2 | E59: 0.6 | I59: 17 | K59: =D59*E59*I59 -> 53.04 | L59: =K59 -> 53.04
A60: 200219 | B60: CERAMICA 20.01-22.50 X 20.01-22.50 TRAF | C60: M2 | D60: 2.2 | E60: 0.6 | I60: 12 | K60: =D60*E60*I60*1.05 -> 16.632 | L60: =K60 -> 16.632
A61: 310105 | B61: LIMPIEZA GENERAL | C61: M2 | D61: 88.45 | E61: 6 | K61: =D61*E61 -> 530.7 | L61: =K61 -> 530.7
A62: 083203 | B62: SUB-BASE GRANULAR CLASE B (Analizada para tipo de gradacion SGB-50, clase B) | C62: M3 | D62: =+D18 -> 88.2 | E62: 0.9 | F62: 0.2 | K62: =+D62*E62*F62*1.25 -> 19.845 | L62: =(K62+K63)*1.3 -> 43.0365
D63: 5.2 | E63: 0.6 | F63: 0.2 | H63: 17 | K63: =D63*E63*F63*H63*1.25 -> 13.26
A65: CALCULÓ: Walter Andres Quintero
K67: =+K52+K51 -> 161.49079 | L67: =+K67-L62 -> 118.45429
